[Event "*** SCC Grand Prix: Titled Tuesday Blitz"]
[Site "Chess.com"]
[Date "2020.06.02"]
[Round "7"]
[White "Guenplen"]
[Black "Muradore"]
[Result "1-0"]
[WhiteElo "2904"]
[BlackElo "2613"]
[TimeControl "180+1"]
[EndTime "11:21:25 PDT"]
[Termination "Guenplen won by resignation"]

1. d4 Nf6 2. Bf4 c5 3. d5 Qb6 4. Nc3 a6 5. Bc1 e6 6. e4 d6 7. Nf3 exd5 8. exd5 Be7 9. Be2 O-O 10. O-O Re8 11. a4 Qc7 12. h3 b6 13. Bf4 Nbd7 14.
Bc4 Nf8 15. Bh2 Ng6 16. Re1 Bd7 17. Qd3 Qb7 18. Nd2 Bf8 19. Rxe8 Bxe8 20. Nde4 Nxe4 21. Nxe4 b5 22. axb5 axb5 23. Rxa8 Qxa8 24. Bxb5 Bxb5 25. Qxb5 Qa1+ 26. Qf1 Qxb2 27. c4 Ne5 28. Bxe5 Qxe5 29. Nd2 g6 30. Qd3 Bg7 31. Nf3 Qf4 32. g3 Qf6 33.
Kg2 h6 34. Qe4 g5 35. Nh2 Qe5 36. Qxe5 Bxe5 37. Ng4 Bg7 38. Ne3 Kh7 39. g4 Kg6 40. Kf3 h5 41. Nf5 hxg4+ 42. hxg4 Be5 43. Ke4 Kf6 44. f3 Bh2 45. Ne3 Bf4 46. Nc2 Be5 47. Na3 Bf4 48. Nb5 Bg3 49. Na7 Bf4 50. Nc6 Bg3 51. Nb8 Bh2 52. Nd7+ Ke7 53. Nb6 Kf6 54. Nd7+ Ke7 55. Nb8 Kf6 56. Na6 Bg3 57. Nc7 Bh2 58. Nb5 Bg3 59. Na7 Bh2 60. Nc6 Bg3 61. Kd3 Bh2 62.
Kc2 Bg3 63. Kb3 Bh2 64. Ka4 Bg3 65. Kb5 Bh2 66. Kb6 Bg3 67. Kc7 Bh2 68. Kd7 Bg3 69. Ke8 Bh2 70. Kd7 Bg3 71. Na5 Ke5 72. Nb7 Kf4 73.
Nxd6 Kxf3 74. Nxf7 Kxg4 75. Kc6 Kf5 76. d6 g4 77. d7 Bh4 78. Nh6+ Kf4 79. Nxg4 Kxg4 80. Kxc5 Kf5 81. Kd6 Kf6 82. d8=Q+ 1-0

[Event "*** SCC Grand Prix: Titled Tuesday Blitz"]
[Site "Chess.com"]
[Date "2020.06.02"]
[Round "7"]
[White "gross-aleks"]
[Black "Shubinkirill2003"]
[Result "1/2-1/2"]
[WhiteElo "2565"]
[BlackElo "2712"]
[TimeControl "180+1"]
[EndTime "11:21:26 PDT"]
[Termination "Game drawn by repetition"]

1. c4 e5 2. g3 Nc6 3. Bg2 g6 4.
Nc3 Bg7 5. Rb1 Nge7 6. b4 d6 7. b5 Nd4 8. e3 Ne6 9. Nf3 O-O 10.
O-O a6 11. a4 axb5 12. axb5 Nc5 13. d4 exd4 14. exd4 Bf5 15. dxc5 Bxc3 16. Rb3 Bg7 17. cxd6 cxd6 18. Nd4 Qc7 19. Nxf5 Nxf5 20. Bd5 Ra1 21.
Rd3 Qc5 22. Qg4 h5 23. Qe4 Bd4 24. Rf3 b6 25. Kg2 Bg7 26. Rxf5 gxf5 27. Qxf5 Ra2 28.
Qxh5 Rc2 29. Qf3 Rxc4 30. Be3 Qxb5 31. Bxc4 Qxc4 32. Bxb6 d5 33. Be3 d4 34. Bf4 Rd8 35. h4 d3 36. Rc1 Qe6 37. Bd2 Bh6 38. Rc6 Bxd2 39. Rxe6 fxe6 40. g4 Bc3 41. Qd1 d2 42. g5 Kf7 43. Kf3 Kg7 44. h5 Be5 45. Ke4 Bc3 46. f4 Rd4+ 47. Ke3 Rd8 48. h6+ Kg6 49. Qc2+ Kh5 50. Qd1+ Kg6 51. Kf3 Rd3+ 52. Kg4 Kh7 53. Kh5 Rh3+ 54. Kg4 Rd3 55. Kh5 Rh3+ 56. Kg4 Rd3 1/2-1/2

[Event "*** SCC Grand Prix: Titled Tuesday Blitz"]
[Site "Chess.com"]
[Date "2020.06.02"]
[Round "7"]
[White "Kezin_Roman"]
[Black "evgchess5"]
[Result "1-0"]
[WhiteElo "2718"]
[BlackElo "2847"]
[TimeControl "180+1"]
[EndTime "11:21:27 PDT"]
[Termination "Kezin_Roman won on time"]

1. d4 Nf6 2. c4 e6 3. Nc3 d5 4.
Nf3 Bb4 5. Bg5 h6 6. Bxf6 Qxf6 7. e3 O-O 8. Rc1 c6 9. a3 Bd6 10. Bd3 Qd8 11. O-O Nd7 12. e4 dxe4 13. Nxe4 Bc7 14.
Qe2 b6 15. Rfd1 Bb7 16. b4 Qe7 17. c5 a5 18. b5 bxc5 19. dxc5 Bf4 20. Rc2 Rfd8 21.
Nd6 Nxc5 22. Nxb7 Nxb7 23. Qe4 Qf6 24. bxc6 Nd6 25. Qh7+ Kf8 26. Bf1 Ke7 27. c7 Rdc8 28.
Qd3 Ne8 29. Qd7+ Kf8 30. Bb5 Rxc7 31. Rxc7 Bxc7 32. Qc6 Rd8 33. Rxd8 Qxd8 34. g3 Bd6 35. a4 Nf6 36. Kg2 g6 37. Qc3 Kg7 38. Qc2 Qb6 39.
Nd2 Qd4 40. Nc4 Bb4 41. Ne3 h5 42. h4 Ne4 43. Nc4 Bc5 44. Bc6 Nxf2 45. Nxa5 Ng4 46.
Qe2 Qg1+ 47. Kf3 1-0

[Event "*** SCC Grand Prix: Titled Tuesday Blitz"]
[Site "Chess.com"]
[Date "2020.06.02"]
[Round "7"]
[White "gurelediz"]
[Black "jonaszmb"]
[Result "1/2-1/2"]
[WhiteElo "2597"]
[BlackElo "2439"]
[TimeControl "180+1"]
[EndTime "11:21:31 PDT"]
[Termination "Game drawn - insufficient material"]

1. e4 c5 2. Nf3 Nc6 3. d4 cxd4 4. Nxd4 e5 5. Nb5 a6 6. Nd6+ Bxd6 7. Qxd6 Qf6 8. Qd2 Nge7 9. Nc3 Qg6 10. f3 O-O 11. Bc4 Nd4 12. O-O d6 13. Nd5 Nxd5 14. Bxd5 Be6 15. c3 Bxd5 16. cxd4 Bc4 17. Rf2 d5 18. b3 Bb5 19. exd5 e4 20. Ba3 Rfe8 21. Re1 exf3 22.
Rxf3 Rxe1+ 23. Qxe1 Re8 24. Re3 Rxe3 25. Qxe3 Qb1+ 26.
Qc1 Qxc1+ 27. Bxc1 Kf8 28. Kf2 Ke7 29. Ba3+ Kd7 30.
Ke3 Bf1 31. g4 Bg2 32. Bf8 g6 33. d6 f6 34. Kf4 Ke6 35. Be7 Bc6 36. h4 h6 37. Bf8 h5 38. gxh5 gxh5 39. Be7 a5 40. Ke3 a4 41. bxa4 Bxa4 42. Kd3 Bc6 43. Bf8 Bd5 44.
a3 Bc6 45. Kc4 f5 46. Kc5 Kd7 47. d5 Ba4 48. Bh6 Bc2 49. Kb6 Kxd6 50. Kxb7 Kxd5 51. Kb6 Ke4 52. Kc5 f4 53. Bg7 f3 54. Bd4 Kd3 55. Kd5 Ke2 56. Ke5 f2 57. Bxf2 Kxf2 58.
Kf4 Kg2 59. Kg5 Bd1 60. a4 Bxa4 61. Kxh5 Be8+ 62. Kg5 Kg3 63. h5 Bxh5 1/2-1/2

[Event "*** SCC Grand Prix: Titled Tuesday Blitz"]
[Site "Chess.com"]
[Date "2020.06.02"]
[Round "7"]
[White "snap_man"]
[Black "robertofabregas"]
[Result "1-0"]
[WhiteElo "2293"]
[BlackElo "2061"]
[TimeControl "180+1"]
[EndTime "11:21:31 PDT"]
[Termination "snap_man won by checkmate"]

1. e4 c5 2. Nf3 d6 3. g3 Nf6 4. d3 Nc6 5. Bg2 g6 6. O-O Bd7 7. Nc3 Qc8 8. Re1 Bh3 9. Bh1 Bg7 10. e5 dxe5 11. Nxe5 Nxe5 12. Rxe5 O-O 13. Rxe7 Qf5 14. Bf4 Nd5 15. Nxd5 Bd4 16. Qf3 Bg4 17. Qe4 Qh5 18. c3 Bg7 19. h4 Be6 20. Re1 Rad8 21.
c4 Bd4 22. Qxd4 Bxd5 23. Qe3 Bxh1 24. Kxh1 b6 25. Re5 Qg4 26. f3 Qh3+ 27. Kg1 h5 28.
Rd1 f6 29. Re7 Rd7 30. Qe6+ Qxe6 31. Rxe6 Kg7 32. Kf2 Rfd8 33. Ke2 Kf7 34. Re4 a6 35. a3 b5 36. cxb5 axb5 37. Be3 c4 38. d4 Rb8 39. Rc1 b4 40. a4 c3 41. b3 Rc7 42. Rc2 Rbc8 43. Bf4 Rd7 44. Kd3 Rcd8 45.
Be3 f5 46. Re5 Rd5 47. f4 R5d6 48. Rb5 Re6 49. Rxb4 Rde8 50. Re2 c2 51. Rc4 c1=Q 52. Rxc1 Rb8 53. Rb1 Reb6 54. d5 Rxb3+ 55. Rxb3 Rxb3+ 56. Kc4 Ra3 57. Kb4 Rd3 58. a5 Rxd5 59. a6 Rd8 60. a7 Kf6 61. Bb6 Ra8 62. Kb5 Kf7 63. Kc6 Rc8+ 64.
Kb7 Rg8 65. a8=Q Rxa8 66. Kxa8 Kf6 67. Bd4+ Kf7 68. Kb7 Kg8 69. Kc6 Kh7 70. Kd6 Kh6 71.
Ke6 Kh7 72. Kf6 Kh6 73. Re8 Kh7 74. Kf7 Kh6 75. Rh8# 1-0

[Event "*** SCC Grand Prix: Titled Tuesday Blitz"]
[Site "Chess.com"]
[Date "2020.06.02"]
[Round "7"]
[White "Michaelson_11"]
[Black "ItsCheckM8Mate"]
[Result "1-0"]
[WhiteElo "2030"]
[BlackElo "2251"]
[TimeControl "180+1"]
[EndTime "11:21:31 PDT"]
[Termination "Michaelson_11 won by resignation"]

1. e4 e5 2. Nf3 Nc6 3. Nc3 Nf6 4. Be2 d5 5. exd5 Nxd5 6. O-O Nxc3 7. bxc3 Bd6 8. d4 exd4 9. cxd4 O-O 10. Bg5 Qd7 11.
Qd2 h6 12. Bf4 Rd8 13. Rfd1 Qf5 14. Bxd6 Rxd6 15. c4 Qf6 16. d5 Ne5 17. Nxe5 Qxe5 18. Bd3 Bg4 19. Re1 Qf6 20. Bc2 Rad8 21. Qe3 Bf5 22.
Bxf5 Qxf5 23. Qxa7 Rb6 24. Rac1 Qf4 25. Re3 Qxc4 26.
Rce1 Qxd5 27. Qa4 Ra6 28. Qc2 g6 29. Qxc7 Rxa2 30. Re7 Qd2 31. Qb6 Rd7 32. Re8+ Kg7 33. Rf1 Qd6 34. Qb3 Rd2 35. Qc3+ Qd4 36. Qc8 h5 37.
Rg8+ Kf6 38. Re8 Kg7 39. Rg8+ Kf6 40. Re8 Rd1 41. Ree1 Rxe1 42. Rxe1 Rd8 43. Qxb7 Qd2 44. Qc6+ Kg7 45. Qe4 Rd4 46. Qe5+ Kh7 47. h3 Rd7 48. Qe4 Qd3 49. Qxd3 Rxd3 50. Re7 Kg7 51. Kh2 Rd2 1-0

[Event "*** SCC Grand Prix: Titled Tuesday Blitz"]
[Site "Chess.com"]
[Date "2020.06.02"]
[Round "7"]
[White "theblitzchamp"]
[Black "UCantHandleDenker"]
[Result "0-1"]
[WhiteElo "2636"]
[BlackElo "2495"]
[TimeControl "180+1"]
[EndTime "11:21:32 PDT"]
[Termination "UCantHandleDenker won by resignation"]

1. d4 Nf6 2. Bf4 d6 3. e3 Nbd7 4. Nf3 g6 5. Nbd2 c5 6. c3 Bg7 7.
Be2 O-O 8. h3 b6 9. O-O Bb7 10.
Re1 a6 11. Qc2 b5 12. Rad1 Qb6 13. Bh2 Rfc8 14. Qb1 a5 15. Bf1 Ba6 16. e4 cxd4 17.
cxd4 b4 18. e5 Nd5 19. Bxa6 Qxa6 20. e6 fxe6 21. Rxe6 Nf8 22. Ree1 Qc6 23. Rc1 Qb7 24. Qe4 Bf6 25. Qg4 Qd7 26. Qe4 Qf5 27. Qe2 Rxc1 28.
Rxc1 Rc8 29. Rxc8 Qxc8 30. Qc4 Qe6 31. g4 h5 32. Bg3 hxg4 33. hxg4 Kf7 34. Nb3 a4 35.
Na5 a3 36. bxa3 bxa3 37. Nc6 Qe4 38. Kg2 Ne6 39. Qb3 Kg7 40. Qb7 Qxg4 41. Nh2 Qe4+ 42. Kg1 Qe1+ 43. Nf1 Qe4 44. Qd7 Nxd4 45. Nxd4 Bxd4 46.
Bxd6 Bf6 47. Bg3 Nf4 48. Qa7 Ne2+ 49. Kh2 Be5 50. Qxa3 Nxg3 51. Qxe7+ Kh6 52. Qf8+ Bg7 53. fxg3 Bxf8 54. g4 Qc2+ 55. Kg3 Bd6+ 56. Kf3 Qxa2 57. Ne3 Qa3 58. Ke4 Qa4+ 59. Kf3 Qf4+ 60. Ke2 Bc5 61. Nf1 Qf2+ 62. Kd3 Qxf1+ 63. Ke4 Qf4+ 64. Kd5 Qxg4 0-1

[Event "*** SCC Grand Prix: Titled Tuesday Blitz"]
[Site "Chess.com"]
[Date "2020.06.02"]
[Round "7"]
[White "medalja"]
[Black "Ba_clbaf_osed_ingo_3v21"]
[Result "0-1"]
[WhiteElo "2418"]
[BlackElo "2639"]
[TimeControl "180+1"]
[EndTime "11:21:32 PDT"]
[Termination "Ba_clbaf_osed_ingo_3v21 won by resignation"]

1. d4 Nf6 2. c4 g6 3. Nf3 Bg7 4. g3 c6 5. Bg2 d5 6. O-O O-O 7. Qb3 Qb6 8. Nc3 Rd8 9. c5 Qxb3 10.
axb3 Na6 11. Ra4 Bf5 12. Bf4 Bc2 13. Rc1 Bxb3 14. Ra3 Bc4 15. b3 Bb5 16. Nxb5 cxb5 17. c6 bxc6 18. Rxa6 Ne4 19. Rcxc6 Bf6 20. Be5 Rdc8 21.
Bxf6 Rxc6 22. Rxc6 exf6 23. Ne1 a5 24. Bxe4 dxe4 25.
Nc2 f5 26. f3 a4 27. bxa4 bxa4 28. fxe4 a3 29. Kf2 fxe4 30. Ke3 f5 31. d5 Kf7 32. Kf4 Ra7 33. Ke5 a2 34. Na1 Ke7 35. Rc8 Kf7 36.
Rh8 Kg7 37. Rb8 Kf7 38. Rb5 Re7+ 39. Kd6 Ra7 40. Kc6 g5 41. d6 Ke6 42. Rb8 Ra6+ 43. Kc5 Ra5+ 44. Kb6 Ra3 45. Rh8 f4 46. gxf4 gxf4 47.
Rxh7 Kxd6 48. Rf7 Ke5 49. Kc5 f3 50. exf3 exf3 51. Kb4 Re3 52. Nc2 Re2 53. Kb3 Rxc2 54. Re7+ Kf4 55. Ra7 f2 56. Rf7+ Ke3 57. Kxc2 a1=Q 58.
Re7+ Kf3 59. Rf7+ Kg2 60. h4 Qa2+ 61. Kd3 Qxf7 0-1

[Event "*** SCC Grand Prix: Titled Tuesday Blitz"]
[Site "Chess.com"]
[Date "2020.06.02"]
[Round "7"]
[White "Khayala13"]
[Black "WonderChampion"]
[Result "1-0"]
[WhiteElo "2265"]
[BlackElo "1971"]
[TimeControl "180+1"]
[EndTime "11:21:33 PDT"]
[Termination "Khayala13 won by resignation"]

1. e4 c5 2. c3 Nf6 3. e5 Nd5 4. Nf3 Nc6 5. Bc4 Nb6 6. Bb3 c4 7. Bc2 g6 8. d4 cxd3 9. Bxd3 Bg7 10. Qe2 O-O 11. O-O d6 12. exd6 Qxd6 13. Be3 Nd5 14. Na3 Bg4 15. Be4 Ne5 16. Nb5 Qd7 17. Rad1 Bxf3 18.
gxf3 e6 19. c4 a6 20. Na3 Nxc4 21. Nxc4 Qc7 22. Bxd5 exd5 23. Rxd5 b5 24. Nd2 Rfe8 25. Nb3 Qc8 26. Qd2 Qh3 27. Nd4 Rad8 28. Rxd8 Rxd8 29. Qc3 Be5 30. f4 Bg7 31. f3 Qd7 32. Rd1 Qh3 33. Qc7 Re8 34. Bf2 Rc8 35. Qd6 Re8 36. Qd5 Qh5 37.
Qxh5 gxh5 38. Nc6 Rc8 39. Ne7+ Kf8 40. Nxc8 Ke8 41. Nb6 Kf8 42. Re1 Kg8 43. Nd7 Kh8 44. Re8+ Bf8 45. Rxf8+ Kg7 46. Ra8 Kg6 47. Bd4 Kf5 48.
Rxa6 Kxf4 49. Rf6+ Kg5 50. Rxf7 Kg6 51. Rxh7 Kxh7 52. b3 Kg6 53. a4 Kf5 54. axb5 Ke6 55. Nc5+ Kd6 56. b6 Kc6 57. b7 Kc7 58. f4 Kb8 59. f5 Kc7 60. f6 Kb8 61. f7 Kc7 62.
f8=Q h4 63. Qe7+ 1-0

[Event "*** SCC Grand Prix: Titled Tuesday Blitz"]
[Site "Chess.com"]
[Date "2020.06.02"]
[Round "7"]
[White "abykhovsky"]
[Black "Grischuk"]
[Result "1/2-1/2"]
[WhiteElo "2813"]
[BlackElo "3103"]
[TimeControl "180+1"]
[EndTime "11:21:34 PDT"]
[Termination "Game drawn by agreement"]

1. d4 Nf6 2. Nf3 g6 3. c4 Bg7 4. Nc3 d6 5. e4 O-O 6. Be2 Na6 7.
O-O e5 8. Bg5 h6 9. Bh4 g5 10.
Bg3 Nh5 11. d5 Nf4 12. Nd2 f5 13. exf5 Bxf5 14. Bg4 Bg6 15. Nde4 Qe8 16. Re1 Kh8 17. a3 Nb8 18. b4 Nd7 19. c5 Qe7 20. Rc1 a6 21. a4 Nf6 22. Nxf6 Qxf6 23. Ne4 Bxe4 24. Rxe4 Qg6 25. Rec4 e4 26. cxd6 cxd6 27. Rc7 Rae8 28. Rxb7 Nd3 29. Rcc7 Bd4 30. Bh5 Qf5 31. Rh7+ Kg8 32.
Bf7+ Kxh7 33. Be6+ Kg6 34. Bxf5+ Rxf5 35. h4 h5 36.
hxg5 Rxg5 37. Bxd6 Bxf2+ 38. Kh1 Rg4 39. Rb6 Kh7 40.
Bh2 Rh4 41. Qf1 Rf8 42. Re6 Rxh2+ 43. Kxh2 Bg3+ 44. Kg1 Rxf1+ 45. Kxf1 Nxb4 46. d6 Nc6 47. d7 Nd8 48. Rxa6 Kg7 49. Rb6 Bc7 50. Rb5 Kf6 51.
a5 Ke6 52. a6 Nc6 53. Rc5 Kd6 54. Rxh5 Kxd7 55. Rh4 Bb6 56. Rxe4 Nb8 57. Re2 Nxa6 58. Rd2+ Ke6 59. Rc2 Nc5 60. Rb2 Bc7 61. Ke2 Be5 62.
Rc2 Ne4 63. Kf3 Ng5+ 64. Kg4 Nf7 65. Re2 Kf6 66. Rf2+ 1/2-1/2

[Event "*** SCC Grand Prix: Titled Tuesday Blitz"]
[Site "Chess.com"]
[Date "2020.06.02"]
[Round "7"]
[White "GMaka"]
[Black "Kildepiotr"]
[Result "1-0"]
[WhiteElo "2365"]
[BlackElo "2457"]
[TimeControl "180+1"]
[EndTime "11:21:35 PDT"]
[Termination "GMaka won by resignation"]

1. d4 c5 2. d5 e5 3. Nc3 d6 4. e4 Be7 5. Nf3 Bg4 6. Be2 Bxf3 7.
gxf3 Bg5 8. Be3 Bxe3 9. fxe3 Qh4+ 10. Kd2 a6 11. a4 Ne7 12. a5 O-O 13. Qe1 Qh6 14. Qg3 f5 15. Rag1 Nd7 16. h4 f4 17. Qg5 fxe3+ 18. Kxe3 Rf6 19. Qxh6 Rxh6 20. h5 Rf8 21. Nd1 Nf6 22. Rg5 g6 23. b3 Rxh5 24. Rgxh5 Nxh5 25. Nb2 Nf4 26. Nc4 Rf6 27. c3 g5 28. b4 cxb4 29. cxb4 Nxe2 30. Kxe2 Ng6 31. Nb6 h5 32. Ke3 Nh4 33. Rh3 Kg7 34. Nc8 Kf7 35. Rg3 Rg6 36. Rg1 g4 37. fxg4 hxg4 38. Kf2 Nf3 39. Rc1 Nd2 40. Ke3 Nb3 41. Rc7+ Kf8 42. Kf2 g3+ 43. Kg2 Nd2 44. Rxb7 Nxe4 45. b5 axb5 46.
a6 Rf6 47. a7 Rf2+ 48. Kg1 Ra2 49. Nb6 Nc5 50. Rb8+ Kf7 51. a8=Q Rxa8 52. Nxa8 Kf6 53. Rxb5 e4 54. Nc7 Ke5 55. Kg2 Kd4 56. Kxg3 Kd3 57. Rxc5 dxc5 58. d6 e3 59. Nd5 c4 60. Nf4+ Kd2 61.
d7 c3 62. d8=Q+ Kc1 63. Qd3 1-0

[Event "*** SCC Grand Prix: Titled Tuesday Blitz"]
[Site "Chess.com"]
[Date "2020.06.02"]
[Round "7"]
[White "kintoho"]
[Black "Moon_stone123"]
[Result "0-1"]
[WhiteElo "2352"]
[BlackElo "2476"]
[TimeControl "180+1"]
[EndTime "11:21:37 PDT"]
[Termination "Moon_stone123 won by checkmate"]

1. e4 c5 2. Nf3 d6 3. Bc4 Nf6 4. d3 g6 5. h3 Bg7 6. O-O O-O 7. c3 Nc6 8. a4 Rb8 9. Nbd2 a6 10. Re1 b5 11. Ba2 b4 12. d4 bxc3 13. bxc3 cxd4 14.
cxd4 Nb4 15. Bc4 d5 16. exd5 Nfxd5 17. Ne4 Bf5 18. Ba3 Bxe4 19. Rxe4 Nc3 20. Qe1 Nxe4 21.
Bxb4 Nd6 22. Bxa6 Qb6 23. Bxd6 Qxd6 24. Bb5 Bxd4 25. Rd1 e5 26. Qe2 Rfd8 27. Re1 f6 28. h4 Kg7 29. h5 Rdc8 30. Nh4 Qc5 31. hxg6 hxg6 32. Rf1 Qb4 33. Qd3 f5 34. Qg3 Rb6 35.
Nxf5+ Kf6 36. Ne3 Kg7 37. Nd5 Qc5 38. Nxb6 Qxb6 39. Bd3 Rc3 40. Rd1 e4 41. a5 Qc5 42.
a6 Rxd3 43. Rxd3 exd3 44. Qxd3 Bxf2+ 45. Kh2 Qh5+ 46. Qh3 Qxh3+ 47. gxh3 Kf6 48. Kg2 Ba7 49. Kf3 Kg5 50. Kg2 Kh4 51. Kh2 Bb8+ 52. Kg2 Ba7 53. Kh2 g5 54. Kg2 Bb8 55. Kh1 Ba7 56. Kh2 Bb6 57.
Kh1 Be3 58. Kh2 Bb6 59. Kh1 Kg3 60. h4 Kxh4 61. Kg2 g4 62. Kf1 Ba7 63. Kg2 g3 64. Kh1 Kg4 65. Kg2 Kf4 66. Kh3 Bb6 67. Kg2 Kg4 68.
Kh1 Kh3 69. a7 g2# 0-1

[Event "*** SCC Grand Prix: Titled Tuesday Blitz"]
[Site "Chess.com"]
[Date "2020.06.02"]
[Round "7"]
[White "Sam_ChessMood"]
[Black "vaishali2001"]
[Result "0-1"]
[WhiteElo "2823"]
[BlackElo "2620"]
[TimeControl "180+1"]
[EndTime "11:21:38 PDT"]
[Termination "vaishali2001 won by resignation"]

1. e4 e5 2. Nf3 Nc6 3. Bb5 a6 4.
Ba4 Nf6 5. O-O Be7 6. Re1 b5 7. Bb3 O-O 8. a4 Bb7 9. d3 d6 10. c3 Na5 11. Bc2 c5 12. d4 cxd4 13. cxd4 d5 14. dxe5 Nxe4 15. axb5 axb5 16. Nc3 Bc5 17. Nxe4 dxe4 18. Qxd8 Rfxd8 19. Bxe4 Bxe4 20. Rxe4 Nb3 21. Rxa8 Rxa8 22. Re1 Ra1 23. Bd2 Rxe1+ 24. Bxe1 Nd4 25. Nxd4 Bxd4 26. Bc3 Bc5 27. Kf1 Kf8 28. Ke2 Ke7 29. f4 Ke6 30. Kd3 Kd5 31. b3 h5 32. g3 g6 33. h3 Bg1 34. g4 hxg4 35. hxg4 Bh2 36. Ke3 Bg1+ 37. Kf3 Bb6 38. Bb2 Bc5 39. f5 gxf5 40.
gxf5 Ba7 41. Kf4 Bb8 42. Bc3 f6 43. Bb2 Bc7 44. Bc3 Bb8 45. Bb2 b4 46. Ba1 Bc7 47.
Bb2 Bb8 48. Ba1 fxe5+ 49. Kg5 e4 50. Bb2 e3 51. Bc1 e2 52. Bd2 Bd6 53. f6 Kd4 54. f7 Kd3 55. Be1 Kc2 56. Kf6 Kxb3 57. Ke6 Bc5 58. Kd5 Bf8 59. Kd4 Kc2 60. Ke3 b3 61. Kxe2 b2 0-1

[Event "*** SCC Grand Prix: Titled Tuesday Blitz"]
[Site "Chess.com"]
[Date "2020.06.02"]
[Round "7"]
[White "GM_LOADING"]
[Black "MacDaddyMac"]
[Result "1-0"]
[WhiteElo "2454"]
[BlackElo "2280"]
[TimeControl "180+1"]
[EndTime "11:21:38 PDT"]
[Termination "GM_LOADING won by checkmate"]

1. e4 e6 2. d4 d5 3. Nc3 Nf6 4. Bg5 dxe4 5. Nxe4 Be7 6. Bxf6 gxf6 7. Nf3 a6 8. g3 b5 9. Bg2 Bb7 10. Qe2 Nd7 11.
O-O-O Nb6 12. Rhe1 Qd5 13. Kb1 Qxe4 14. Qxe4 Bxe4 15.
Rxe4 f5 16. Re2 Rd8 17. Ne5 Bf6 18. Bb7 Bxe5 19. Rxe5 Ke7 20. Rc5 Kd6 21. Bxa6 Na4 22. Rxb5 Rb8 23. Rd3 c6 24. Rxb8 Rxb8 25. Rb3 Ra8 26.
Be2 Ra7 27. Ra3 Ra8 28. Kc1 Kd5 29. c3 Nb6 30. Bf3+ Kd6 31. Rxa8 Nxa8 32. Kc2 Nc7 33.
b4 f6 34. a4 e5 35. Bg2 e4 36.
Kb3 Nd5 37. a5 Kc7 38. Kc4 Kb7 39. Kc5 Nc7 40. Kd6 Nb5+ 41. Ke6 Nxc3 42. Kxf5 Nd5 43. Bxe4 Nxb4 44. Kxf6 Ka6 45. Bxh7 Kxa5 46. Be4 Kb5 47. h4 Kc4 48. h5 Kxd4 49. h6 Kxe4 50. h7 Nd5+ 51. Kg7 c5 52. h8=Q c4 53. Qh4+ Kd3 54. Qh5 Nc3 55. Qf5+ Kd2 56. Qf4+ Kd3 57. Qf5+ Kd2 58. g4 Ne2 59. g5 c3 60. Qd5+ Ke1 61.
Qe4 Kxf2 62. g6 Ng3 63. Qc2+ Ne2 64. Kf8 Ke3 65. g7 Kd4 66. g8=Q Nf4 67. Qg7+ Kc5 68. Qcxc3+ Kd6 69. Qce5+ Kc6 70. Qgc7# 1-0

[Event "*** SCC Grand Prix: Titled Tuesday Blitz"]
[Site "Chess.com"]
[Date "2020.06.02"]
[Round "7"]
[White "Witik"]
[Black "PavelChernomordik"]
[Result "0-1"]
[WhiteElo "2536"]
[BlackElo "2265"]
[TimeControl "180+1"]
[EndTime "11:21:39 PDT"]
[Termination "PavelChernomordik won by resignation"]

1. d4 g6 2. e4 Bg7 3. Nc3 d6 4. g3 Nf6 5. Bg2 O-O 6. Nge2 Nbd7 7.
O-O c5 8. d5 Rb8 9. a4 b6 10.
h3 a6 11. g4 b5 12. axb5 axb5 13. Ng3 b4 14. Nce2 Qb6 15. g5 Ne8 16. f4 Ba6 17. h4 Nc7 18. h5 Nb5 19. h6 Bh8 20. e5 dxe5 21. f5 Nd4 22. Nxd4 exd4 23. Re1 c4 24. Kh2 Qd6 25. Rxa6 Qxa6 26. Rxe7 Qd6 27. f6 Nxf6 28. gxf6 Bxf6 29. Re4 Rfe8 30. Bf4 Be5 31. Qf3 Bxf4 32. Qxf4 Qxf4 33. Rxf4 d3 34. Rxc4 dxc2 35. Rxc2 f5 36. Rd2 Kf7 37. Ne2 Kf6 38. d6 Red8 39.
Nf4 Ke5 40. Kg3 Rxd6 41. Re2+ Kf6 42. Nd5+ Kg5 43. Re7 Rbd8 44. Rxh7 Rxd5 45. Bxd5 Rxd5 46. Rh8 Rd3+ 47. Kf2 Rd2+ 48. Ke3 Rxb2 49. h7 Rh2 50. Kd3 b3 51. Kc3 b2 52. Rb8 Rxh7 53. Rxb2 Rh3+ 0-1

[Event "*** SCC Grand Prix: Titled Tuesday Blitz"]
[Site "Chess.com"]
[Date "2020.06.02"]
[Round "7"]
[White "Alohamora11"]
[Black "econpower"]
[Result "0-1"]
[WhiteElo "2430"]
[BlackElo "2643"]
[TimeControl "180+1"]
[EndTime "11:21:40 PDT"]
[Termination "econpower won by checkmate"]

1. e4 d6 2. d4 Nf6 3. Nc3 e5 4. dxe5 dxe5 5. Qxd8+ Kxd8 6. Bc4 Be6 7. Bxe6 fxe6 8.
Nf3 Bd6 9. Be3 Nc6 10. O-O-O a6 11. Rhe1 Ke7 12. Nd2 b5 13. f3 h6 14. Ne2 Na5 15. b3 Ba3+ 16. Kb1 Rhd8 17. Nf1 Bd6 18. Bd2 Nb7 19. Bc3 c5 20. h4 Bc7 21. Ne3 Rxd1+ 22. Rxd1 Rd8 23. Rxd8 Nxd8 24. g4 Nc6 25. Ng3 Nd4 26.
Bxd4 exd4 27. Nef1 g5 28. hxg5 hxg5 29. Kc1 Nd7 30. Kd2 Ne5 31. Ke2 c4 32. Nh5 a5 33.
a4 d3+ 34. cxd3 cxb3 35. axb5 a4 36. Kd1 a3 37. Nd2 b2 38. Kc2 Nxd3 39. Kb3 Bd6 40. b6 Nc1+ 41. Kc2 Kd8 42. Nf6 Bf4 43. Nb1 a2 44. Kxb2 axb1=Q+ 45. Kxb1 Nd3 46. Kc2 Ne1+ 47. Kd1 Nxf3 48. Nh7 Nh2 49. Nf8 Ke7 50. Ng6+ Kd7 51.
Ke2 Bb8 52. b7 Nxg4 53. Kf3 Ne5+ 54. Nxe5+ Bxe5 55. Kg4 Bf4 56. b8=Q Bxb8 57. Kxg5 Ba7 58. Kg4 Bd4 59. Kf3 e5 60. Ke2 Ke6 61. Kd3 Kf6 62. Kc4 Kg5 63. Kd3 Kf4 64. Kd2 Kxe4 65. Ke2 Kf4 66. Ke1 e4 67. Kf1 Ke3 68. Ke1 Bc3+ 69. Kf1 Kd2 70. Kg2 e3 71. Kf3 e2 72. Kf2 e1=Q+ 73.
Kg2 Qe4+ 74. Kf2 Bd4+ 75. Kf1 Qf3# 0-1

[Event "*** SCC Grand Prix: Titled Tuesday Blitz"]
[Site "Chess.com"]
[Date "2020.06.02"]
[Round "7"]
[White "Makswolf200817"]
[Black "RitvarsReimanis"]
[Result "1/2-1/2"]
[WhiteElo "2391"]
[BlackElo "2519"]
[TimeControl "180+1"]
[EndTime "11:21:40 PDT"]
[Termination "Game drawn - timeout vs insufficient material"]

1. Nf3 Nf6 2. c4 e6 3. Nc3 d5 4. e3 Be7 5. b3 O-O 6. Bb2 c5 7. cxd5 exd5 8. d4 Nc6 9. Be2 Bg4 10. O-O Bxf3 11. Bxf3 cxd4 12. exd4 Bb4 13. a3 Bxc3 14. Bxc3 Rc8 15. Rc1 Qd6 16. Bb2 Na5 17. Qd3 Qb6 18. Bd1 Nc4 19. bxc4 Qxb2 20. Bf3 b6 21. c5 bxc5 22.
dxc5 Rfd8 23. Rc2 Qe5 24. c6 Rc7 25. Rfc1 g6 26. g3 h5 27. h4 Rd6 28. Kg2 Qe6 29. Qb5 Kg7 30. a4 Ne4 31. a5 f5 32. a6 f4 33. Qb2+ Kh7 34. gxf4 Qe7 35. Qe5 Qxe5 36. fxe5 Re6 37. Bxe4 dxe4 38. Rc5 g5 39. hxg5 Kg6 40. Kg3 Kxg5 41. f3 exf3 42. Kxf3 Kf5 43. Kg3 Rxe5 44.
Kh4 Rxc5 45. Rxc5+ Ke6 46. Kxh5 Kd6 47. Ra5 Kxc6 48. Kg4 Kb6 49. Ra1 Rf7 50. Kg3 Rf6 51. Kg4 Kb5 52. Kg5 Rxa6 53. Rxa6 Kxa6 54. Kf4 Kb5 55. Ke3 Kc4 56. Kd2 Kb4 57. Kc1 Ka3 58. Kb1 Kb3 59. Ka1 Ka3 60. Kb1 a6 61. Ka1 a5 62.
Kb1 a4 63. Ka1 Kb3 64. Kb1 a3 65. Ka1 Kb4 66. Kb1 Ka5 67. Ka1 Ka6 68. Kb1 Ka5 69.
Ka1 Ka4 70. Ka2 Kb4 71. Ka1 1/2-1/2

[Event "*** SCC Grand Prix: Titled Tuesday Blitz"]
[Site "Chess.com"]
[Date "2020.06.02"]
[Round "7"]
[White "ftorodent"]
[Black "oneshot007"]
[Result "1/2-1/2"]
[WhiteElo "2644"]
[BlackElo "2429"]
[TimeControl "180+1"]
[EndTime "11:21:42 PDT"]
[Termination "Game drawn - insufficient material"]

1. d4 g6 2. c4 Nf6 3. Nc3 Bg7 4. e4 O-O 5. Nf3 d6 6. Be2 e5 7. Be3 Ng4 8. Bg5 f6 9. Bh4 g5 10. Bg3 Nh6 11. dxe5 dxe5 12. Qd5+ Nf7 13. Rd1 c6 14. Qxd8 Rxd8 15. h4 h6 16. hxg5 hxg5 17. Nh2 Na6 18. Bg4 Rxd1+ 19. Kxd1 Nd6 20. b3 b5 21. cxb5 cxb5 22.
f3 Nc5 23. Nd5 Bxg4 24. Nxg4 Kf7 25. Ke2 Ne6 26. Rc1 Rc8 27. Rxc8 Nxc8 28. Bf2 Nf4+ 29. Nxf4 exf4 30. Kd3 Ke6 31. a4 a6 32. Bd4 Ne7 33. Bc3 Ng6 34. Be1 Kf7 35. g3 Ke6 36. gxf4 Nxf4+ 37. Kc2 bxa4 38. bxa4 f5 39. exf5+ Kxf5 40. Ne3+ Ke6 41.
Kb3 Nd3 42. Bg3 Be5 43. Nf1 Kd5 44. Kc2 Kd4 45. Bxe5+ Nxe5 46. Nd2 Ke3 47. Kc3 Nxf3 48. Nc4+ Ke2 49. Nd6 g4 50. Nf5 Ne1 51. Kb4 Nd3+ 52. Ka5 Nc5 53. Kb4 Nb7 54. Kc4 Kf3 55. Kd5 Kf4 56.
Nd4 Nd8 57. Kc5 g3 58. Ne2+ Kf3 59. Nxg3 Kxg3 60. Kb6 a5 61. Kxa5 Nc6+ 62. Kb5 Nb8 63. Kb6 Kf4 64. Kb7 Nd7 65. a5 Ke5 66. a6 Nc5+ 67.
Kb6 Nxa6 1/2-1/2